 Dungeon Crawl Stone Soup version 0.31-a0-705-ga145531891 (webtiles) character file.

Game seed: 4786332880476900080

13 Demosthentine the Ducker (level 2, -1/22 HPs)
             Began as a Demonspawn Gladiator on Sept 9, 2023.
             Slain by a goblin
             ... wielding a +0 club
              (3 damage)
             ... on level 1 of the Dungeon.
             The game lasted 00:00:19 (152 turns).

Demosthentine the Ducker (Demonspawn Gladiator)      Turns: 152, Time: 00:00:20

Health: -1/22      AC:  4    Str: 14    XL:     2   Next: 24%
Magic:  2/2        EV: 12    Int:  9    God:
Gold:   25         SH:  0    Dex: 14    Spells: 1/1 levels left

rFire   . . .        a - +0 trident
rCold   . . .        (no shield)
rNeg    . . .        b - +0 leather armour
rPois   .            c - +0 helmet
rElec   .            (no cloak)
rCorr   .            (no gloves)
SInv    .            (no boots)
Will    .....        (no amulet)
Stlth   +            (no ring)
HPRegen 0.23/turn    (no ring)
MPRegen 0.08/turn

%: no passive effects
@: no status effects
A: demonic magic 1
a: no special abilities


You were on level 1 of the Dungeon.
You visited 1 branch of the dungeon, and saw 1 of its levels.

You collected 25 gold pieces.

Inventory:

Hand Weapons
 a - a +0 trident (weapon)
Missiles
 d - 3 throwing nets (quivered)
 e - a javelin
Armour
 b - a +0 leather armour (worn)
 c - a +0 helmet (worn)


   Skills:
 + Level 2.2 Fighting
 + Level 2.9 Polearms
 - Level 1.7 Throwing
 + Level 0.6 Armour
 + Level 2.9 Dodging


You had one spell level left.
You didn't know any spells.
Your spell library was empty.

Dungeon Overview and Level Annotations

Branches:
Dungeon (1/15)

Altars:


Innate Abilities, Weirdness & Mutations

Spells you cast may paralyse adjacent enemies.


Message History

A menacing aura infuses your magic.
A goblin comes into view. It is wielding a +0 club.
You see here a dart slug corpse.
You hit the endoplasm.
You kill the endoplasm!
The goblin shouts!
You hear a shout!
A hobgoblin comes into view.
A dart slug comes into view.
An endoplasm comes into view.
The hobgoblin shouts!
You hear an angry hiss.
The endoplasm moves out of view.
You reach to attack!
You closely miss the goblin.
A ball python comes into view.
You closely miss the hobgoblin. The hobgoblin barely misses you.
The goblin hits you but does no damage. The hobgoblin barely misses you.
Unknown command.
You see here 8 gold pieces.
A goblin comes into view. It is wielding a +0 club.
The goblin attacks as it pursues you! The goblin closely misses you.
The endoplasm hits you.
You closely miss the goblin.
The endoplasm hits you but does no damage.
The goblin hits you with a +0 club.
You closely miss the goblin. The endoplasm hits you.
The goblin closely misses you.
You barely miss the goblin. The endoplasm freezes you.
You are frozen.
* * * LOW HITPOINT WARNING * * *
The goblin hits you but does no damage.
You puncture the goblin!
You kill the goblin!
The goblin throws a stone.
The stone barely misses you. The endoplasm hits you.
* * * LOW HITPOINT WARNING * * *
Unknown command.
A goblin comes into view. It is wielding a +0 dagger.
Found 2 fizzy sapphire potions.
The goblin shouts!
You hear a shout!
The hobgoblin attacks as it pursues you!
The hobgoblin misses you. The goblin hits you with a +0 club.
You die...

.#..........# ##†.#
.#............##...#
.#........g.......##
.#.............##w#
.#..............#.#
.##.............#S#
# .# ........#)# ...
.# ......#.#g#.!.##
##......@.J......
...###g...######
......# #.......#
....###### #####


You could see a dart slug, an endoplasm, a hobgoblin, 2 goblins and a ball
python.

Vanquished Creatures
  A dart slug (D:1)
  3 endoplasms (D:1)
  A goblin (D:1)
  A ball python (D:1)
  A bat (D:1)
  2 kobolds (D:1)
  2 rats (D:1)
11 creatures vanquished.

Notes
Turn   | Place    | Note
-------+----------+-------------------------------------------
     0 | D:1      | Demosthentine the Demonspawn Gladiator began the quest for
                  | the Orb.
     0 | D:1      | Reached XP level 1. HP: 16/16 MP: 1/1
   136 | D:1      | Gained mutation: Spells you cast may paralyse adjacent
                  | enemies. [demonic ancestry]
   136 | D:1      | Reached XP level 2. HP: 12/22 MP: 2/2
   152 | D:1      | Slain by a goblin

Illustrated notes

Levels and vault maps discovered:
D:1:      ncdulo_halloftheorcs, layout_rooms, nicolae_twisty_statue_hallways

Action                     || total
---------------------------++-------
  Melee: Trident           ||    34
 Armour: Leather armour    ||    25
  Dodge: Dodged            ||    21

Table legend: (Time is in decaauts)
 A = Elapsed time spent in this place.
 B = Non-inter-level travel time spent in this place.
 C = Inter-level travel time spent in this place.
 D = Time resting spent in this place.
 E = Time spent auto-exploring this place.
 F = Levels seen in this place.
 G = Mean time per level.
                   A        B        C        D        E       F      G
               +--------+--------+--------+--------+--------+-----+--------+
         Total |    157 |    157 |      0 |      0 |     89 |   1 |  157.0 |
       Dungeon |    157 |    157 |      0 |      0 |     89 |   1 |  157.0 |
               +--------+--------+--------+--------+--------+-----+--------+

Top non-repeatable levels by time:
     D:1: 157 daAuts
